 Dungeon Crawl Stone Soup version 0.19-a0-1712-gff403d4 (webtiles) character file.

226 Naow the Chopper (level 5, -3/48 HPs)
             Began as a Deep Dwarf Fighter on Sept 28, 2016.
             Slain by a phantom (6 damage)
             ... on level 5 of the Dungeon.
             The game lasted 00:06:27 (2963 turns).

Naow the Chopper (Deep Dwarf Fighter)               Turns: 2963, Time: 00:06:28

Health: -3/48      AC: 10    Str: 20    XL:     5   Next: 69%
Magic:  5/5        EV:  9    Int:  9    God:
Gold:   154        SH:  9    Dex: 12    Spells: 0 memorised, 4 levels left

rFire  . . .     SeeInvis .     a - +0 war axe
rCold  . . .     Gourm    .     b - +0 scale mail
rNeg   . . .     Faith    .     c - +0 shield
rPois  .         Spirit   .     k - +0 helmet
rElec  .         Dismiss  .     (no cloak)
rCorr  .         Reflect  .     w - +0 pair of gloves
MR     .....     Harm     .     (no boots)
Stlth  ..........               (no amulet)
                                t - +2 ring of evasion
                                (no ring)

@: non-regenerating
A: damage resistance, recharge devices, sense surroundings 1, slow regeneration
3
a: Device Recharging


You were on level 5 of the Dungeon.
You were not hungry.

You visited 1 branch of the dungeon, and saw 5 of its levels.

You collected 154 gold pieces.

Inventory:

Hand Weapons
 a - a +0 war axe (weapon)
Armour
 b - a +0 scale mail (worn)
 c - a +0 shield (worn)
 k - a +0 helmet (worn)
 w - a +0 pair of gloves (worn)
Jewellery
 t - a +2 ring of evasion (right hand)
Wands
 e - a wand of heal wounds (4/9)
 m - a wand of paralysis (18/24)
 C - a wand of iceblast (9/15)
Scrolls
 h - 3 scrolls of remove curse
 n - 2 scrolls of teleportation {unknown}
 o - a scroll of fear {unknown}
 p - 2 scrolls of random uselessness {unknown}
 r - 4 scrolls of identify {unknown}
 v - a scroll of amnesia {unknown}
 y - a scroll of blinking {unknown}
Potions
 d - a potion of might
 i - a potion of resistance {unknown}
 j - 2 potions of heal wounds
 l - 2 potions of flight {unknown}
 q - 2 potions of ambrosia {unknown}
 s - 2 potions of haste {unknown}
 u - 3 potions of agility {unknown}
 x - 2 potions of curing {unknown}
 A - a potion of cancellation {unknown}
Comestibles
 f - 2 bread rations
 g - 9 fruits
 z - 2 meat rations


   Skills:
 - Level 2.9 Fighting
 + Level 6.2 Axes
 - Level 3.5 Armour
 - Level 3.5 Shields


You had 4 spell levels left.
You didn't know any spells.

Dungeon Overview and Level Annotations

Branches:
Dungeon (5/15)             Temple (0/1) D:5

Altars:
Uskayaw
Yredelemnul


Innate Abilities, Weirdness & Mutations

You are resistant to damage.
You can recharge devices by infusing magical energy.
You passively map a small area around you.
You do not regenerate.


Message History

You slash the shadow imp!
You kill the shadow imp!
You closely miss the phantom. The phantom hits you.
The phantom hits you but does no damage.
You closely miss the phantom. The phantom hits you!
* * * LOW HITPOINT WARNING * * *
The phantom blinks!
All of the chunks of flesh in your inventory have rotted away.
The phantom blinks!
The phantom blinks!
The phantom blinks!
You are too injured to fight recklessly!
You are too injured to fight recklessly!
The phantom hits you!
* * * LOW HITPOINT WARNING * * *
You miss the phantom. The phantom barely misses you.
You hit the phantom.
The phantom is lightly damaged.
The phantom barely misses you. The phantom hits you!
You die...

## #.# ##### ##
#.####...#
#.###.......########
* *
#.#.####...@W......
, *#.## ############
#.# ** ** * #.# , ,
* , #.# # * ,,, #.#
.# ,, , * ,
#.###>###
#####.#...(.. ,
#.....#...... *


You could see a phantom.

Vanquished Creatures
  Natasha (thrice) (D:2)
  A worker ant (D:4)
  Robin (D:2)
  4 adders
  A shadow imp (D:5)
  A worm (D:2)
  2 dart slugs (D:2)
  4 orcs (D:3)
  4 giant cockroaches
  13 goblins
  9 hobgoblins
  5 kobolds (D:2)
  4 ball pythons
  2 bats (D:2)
  3 frilled lizards
  A giant cockroach zombie (D:5)
  7 rats
65 creatures vanquished.

Notes
Turn   | Place    | Note
-------+----------+-------------------------------------------
     0 | D:1      | Naow the Deep Dwarf Fighter began the quest for the Orb.
     0 | D:1      | Reached XP level 1. HP: 20/20 MP: 1/1
   306 | D:1      | Reached XP level 2. HP: 21/27 MP: 2/2
   732 | D:2      | Reached skill level 3 in Axes
   787 | D:2      | Noticed Natasha
   794 | D:2      | Killed Natasha
   794 | D:2      | Reached XP level 3. HP: 33/33 MP: 3/3
   869 | D:2      | Noticed Robin
   893 | D:2      | Killed Robin
   893 | D:2      | Reached skill level 4 in Axes
   893 | D:2      | Reached XP level 4. HP: 40/40 MP: 4/4
   928 | D:2      | Found a hide-covered altar of Uskayaw.
  1041 | D:2      | Noticed Natasha
  1055 | D:2      | Killed Natasha
  1061 | D:2      | Noticed Natasha
  1068 | D:2      | Killed Natasha
  1068 | D:2      | Reached skill level 5 in Axes
  1340 | D:2      | Reached XP level 5. HP: 29/48 MP: 5/5
  2102 | D:3      | Found a basalt altar of Yredelemnul.
  2712 | D:4      | Reached skill level 6 in Axes
  2902 | D:4      | Found a basalt altar of Yredelemnul.
  2912 | D:5      | Entered Level 5 of the Dungeon
  2931 | D:5      | Found a staircase to the Ecumenical Temple.
  2945 | D:5      | Noticed a phantom
  2963 | D:5      | Slain by a phantom

Vault maps used:
D:1:      dpeg_arrival_orchard, corexii_corridor_pit
D:2:      lemuel_coloured_pillars_altar, uniq_natasha, uniq_robin
D:3:      first_bread, yredelemnul_altar_generic
D:4:      kennysheep_little_box
D:5:      kennysheep_crisscross, minmay_tree_intersection, uniq_grinder

Skill      XL: |  1  2  3  4  5 |
---------------+----------------+-----
Axes           | 3 4 5 6 |  6.2
Fighting       | |  2.9
Armour         | |  3.5
Shields        | |  3.5

Action                   |  1- 3 |  4- 6 || total
-------------------------+-------+-------++-------
Melee: War axe           |    63 |   160 ||   223
Evoke: Wand              |     2 |       ||     2
  Use: Scroll            |       |     1 ||     1
 Stab: Paralysed         |     2 |       ||     2
       Distracted        |     1 |       ||     1
  Eat: Chunk             |       |     7 ||     7
Armor: Scale mail        |    20 |    75 ||    95
Dodge: Dodged            |    15 |    53 ||    68
Block: Shield            |    27 |    90 ||   117
